Map: [ESL] Hard Lead

Players

Bunny

  • Race: Terran Terran
  • Spawn Location: 5:00

Elazer - Winner!

  • Race: Zerg Zerg
  • Spawn Location: 11:00

Event: ESL SC2 Masters 2023 Winter (Finals)

VOD

Have the link to the VOD?

Description

Time

  • Played on: Dec. 15, 2023, 4:47 p.m.
  • Length: 14:08

All games in this series

Show
View Real Time Build Order
Export as new Build Order

Bunny Terran 

Build Orders: Reaper Expand, Hellion Banshee 

Get SALT Encoding   

  12  0:00  SCV  
  13  0:12  SCV  
  14  0:17  Supply Depot  
  14  0:24  SCV  
  15  0:38  SCV  
  15  0:40  Barracks  
  15  0:42  Refinery  
  16  0:50  SCV  
  17  1:03  SCV  
  18  1:15  SCV  
  19  1:27  Orbital Command, Reaper  
  20  1:37  Command Center  
  20  1:46  Supply Depot  
  20  1:52  SCV  
  21  1:58  Marine  
  22  2:05  SCV  
  22  2:07  Factory  
  23  2:17  SCV  
  23  2:19  Barracks Reactor  
  24  2:29  SCV  
  25  2:37  Command Center  
  25  2:41  SCV  
  26  2:51  Orbital Command  
  26  2:53  Hellion  
  26  2:54  SCV  
  26  2:56  Marine  
  30  2:58  Marine  
  31  3:10  Starport  
  31  3:13  SCV  
  31  3:18  SCV  
  33  3:21  Refinery  
  33  3:25  SCV  
  34  3:30  Hellion, SCV  
  39  3:34  Hellion  
  39  3:37  SCV  
  39  3:38  Barracks Tech Lab  
  40  3:42  SCV  
  41  3:49  Orbital Command, SCV  
  41  3:53  Hellion  
  41  3:55  Hellion, SCV  
  47  4:01  SCV  
  48  4:03  Banshee  
  48  4:08  Cloaking Field  
  48  4:09  Barracks Tech Lab  
  51  4:10  SCV  
  51  4:13  SCV  
  53  4:20  Hellion x2  
  53  4:22  SCV, Supply Depot  
  59  4:25  SCV  
  59  4:26  Orbital Command  
  59  4:27  Marine  
  59  4:30  Stimpack  
  60  4:34  SCV  
  61  4:43  SCV  
  62  4:46  Supply Depot  
  62  4:47  Barracks, Marine, SCV  
  62  4:48  Barracks  
  62  4:51  Banshee  
  67  4:56  SCV  
  67  4:57  SCV  
  69  5:00  Engineering Bay x2  
  69  5:02  Refinery x2  
  69  5:05  Factory Reactor  
  69  5:08  SCV x2  
  71  5:17  SCV  
  71  5:20  SCV x2  
  72  5:21  Supply Depot  
  72  5:25  Marine  
  73  5:29  SCV  
  73  5:32  Barracks x2, Terran Infantry Weapons Level 1, Terran Infantry Armor Level 1, SCV x2  
  76  5:44  Starport Reactor  
  76  5:48  Marine  
  76  5:49  Marine x4  
  80  5:52  Siege Tank  
  80  5:54  SCV x2  
  80  5:55  SCV  
  75  6:05  Supply Depot x2  
  75  6:06  SCV x2, Marine x3  
  75  6:07  SCV  
  75  6:09  Marine  
  75  6:10  Marine  
  83  6:13  Combat Shield  
  83  6:18  SCV  
  83  6:19  SCV  
  83  6:20  Barracks Reactor x2  
  83  6:24  Supply Depot  
  83  6:25  Supply Depot x2  
  85  6:27  SCV, Marine x3  
  85  6:29  Medivac x2  
  85  6:31  SCV x2  
  95  6:34  Siege Tank  
  95  6:36  Marine x2  
  95  6:39  SCV  
  101  6:43  Armory, Refinery  
  101  6:45  Marine x3  
  104  6:49  SCV x2  
  104  6:51  SCV  
  107  6:54  Marine  
  107  6:57  Marine  
  107  6:58  Marine x3  
  107  6:59  Medivac  
  107  7:00  Marine  
  115  7:05  Supply Depot  
  115  7:06  Supply Depot x2  
  115  7:07  Siege Tank, Supply Depot  
  118  7:11  Marine x3  
  118  7:12  Marine  
  118  7:15  Marine  
  122  7:20  Medivac  
  125  7:28  Medivac, Marine x3, Marauder  
  125  7:29  Marine x3  
  135  7:32  Barracks, Supply Depot  
  135  7:33  Barracks  
  135  7:35  Barracks  
  135  7:39  Refinery  
  135  7:41  Siege Tank  
  138  7:44  Marine x2  
  138  7:48  Marine x6  
  138  7:49  Marauder  
  138  7:50  Medivac  
  150  7:55  Supply Depot, Concussive Shells  
  150  8:01  Terran Infantry Weapons Level 2  
  150  8:02  Marine  
  149  8:09  Marine x7  
  149  8:10  Marine  
  157  8:13  Siege Tank  
  153  8:23  Barracks Tech Lab  
  153  8:24  Barracks Tech Lab  
  153  8:26  Marine  
  148  8:28  Marauder, Marine  
  148  8:29  Marine x6  
  148  8:30  Barracks Tech Lab  
  156  8:34  Terran Infantry Armor Level 2  
  156  8:36  Medivac  
  156  8:39  Medivac  
  160  8:48  Siege Tank  
  163  8:49  Supply Depot  
  163  8:55  Marauder x2  
  167  9:00  Marine  
  167  9:01  Marine x3  
  121  9:12  Marauder, Marine  
  121  9:13  Marauder, Marine x2, SCV  
  121  9:17  Marauder x2  
  125  9:19  Marine  
  125  9:20  Siege Tank  
  123  9:30  Marine x2  
  125  9:32  Marine x4  
  125  9:33  Marine  
  125  9:34  Marauder x2  
  125  9:38  Marauder  
  135  9:42  Marine  
  136  9:53  Marauder  
  136  9:55  Marauder  
  136  9:57  Marine x4  
  136  9:58  Marine x4  
  136  9:59  Marine  
  149  10:00  Siege Tank, Marine  
  149  10:02  Medivac x2  
  157  10:14  Marine  
  157  10:15  Marine x5  
  157  10:16  Marauder  
  157  10:17  Marauder x2  
  167  10:27  Marine  
  164  10:28  Marine  
  164  10:29  Marine  
  164  10:32  Siege Tank, Marauder  
  164  10:33  Marine  
  176  10:36  Liberator x2  
  176  10:37  Marauder  
  176  10:38  Marine  
  181  10:43  Marine x3  
  181  10:44  Marauder x2  
  181  10:45  Supply Depot  
  188  10:56  Marauder  
  186  10:59  Marine x5  
  186  11:01  Marine  
  189  11:05  Terran Vehicle Weapons Level 1  
  189  11:06  Marine x3  
  189  11:07  Siege Tank, Marauder x2  
  197  11:21  Marine  
  197  11:22  Marine x2  
  197  11:23  Marine  
  197  11:24  Marauder  
  197  11:25  Marine  
  197  11:43  Marine x2  
  197  11:44  Marine x2, Marauder  
  197  11:45  Siege Tank, Liberator, Marauder  
  197  11:46  Liberator  
  191  11:49  Marine  
  191  11:50  Marine x2, Marauder  
  192  11:57  Marine  
  192  11:58  Marine  
  192  12:01  Marine x2  
  175  12:02  Marine  
  175  12:03  Marauder  
  175  12:05  Marauder  
  175  12:06  Marine  
  175  12:07  Marine x3  
  184  12:11  Marauder  
  184  12:15  Marine x2  
  186  12:18  Siege Tank  
  186  12:19  Marine x2  
  186  12:20  Marine  
  177  12:23  Marine  
  177  12:24  Marine  
  177  12:27  Marine x2  
  172  12:32  Marauder  
  160  12:39  Marine x4  
  149  12:45  Liberator x2  
  149  12:50  Siege Tank  
  158  12:52  Marauder  
  158  12:54  Marine x4  
  157  13:01  Marauder x2  
  155  13:06  Marine  
  156  13:18  Marauder x2  
  156  13:19  Marine  
  160  13:20  Marine  
  160  13:22  Siege Tank  
  160  13:23  Marauder  
  167  13:31  Marauder  
  167  13:32  Marine  
  170  13:40  Marauder  
  172  13:41  Marine x2  
  172  13:42  Marine x4  
Show
View Real Time Build Order
Export as new Build Order

Elazer Zerg - Winner!

Build Orders: Hatch First 

Get SALT Encoding   

  12  0:00  Drone  
  13  0:12  Overlord  
  13  0:17  Drone  
  14  0:31  Drone x2  
  16  0:48  Hatchery  
  15  0:52  Drone  
  15  0:55  Drone  
  17  0:59  Drone  
  18  1:09  Extractor  
  17  1:14  Spawning Pool  
  17  1:17  Drone  
  17  1:20  Drone  
  18  1:29  Drone  
  19  1:38  Drone  
  20  1:49  Drone  
  21  2:00  Queen x2  
  25  2:01  Zergling x4  
  27  2:11  Drone  
  27  2:13  Metabolic Boost  
  27  2:14  Overlord  
  28  2:18  Extractor  
  27  2:26  Drone  
  28  2:33  Drone x3  
  28  2:36  Extractor, Queen  
  33  2:44  Overlord  
  33  2:51  Drone, Extractor  
  35  2:57  Drone x2  
  36  3:07  Extractor  
  36  3:08  Drone x4  
  36  3:09  Drone  
  36  3:12  Queen  
  42  3:18  Hatchery  
  42  3:19  Drone x2  
  44  3:29  Overlord  
  44  3:42  Overlord  
  44  3:47  Drone x6, Queen  
  52  3:55  Overlord  
  52  4:00  Queen  
  52  4:01  Overlord  
  54  4:07  Overlord  
  54  4:16  Drone x5  
  59  4:19  Drone  
  59  4:20  Drone x2  
  59  4:22  Drone  
  62  4:25  Queen  
  64  4:31  Queen  
  64  4:32  Drone x3  
  64  4:37  Spore Crawler  
  64  4:38  Lair  
  68  4:39  Drone  
  68  4:40  Spore Crawler  
  68  4:42  Drone, Spore Crawler  
  68  4:46  Zergling x2  
  68  4:51  Zergling x2  
  70  4:55  Zergling x8  
  70  4:57  Overlord  
  74  5:04  Zergling x10  
  79  5:07  Queen  
  79  5:09  Hatchery  
  80  5:15  Zergling x4  
  80  5:19  Zergling x6  
  85  5:23  Overlord  
  85  5:25  Drone  
  85  5:26  Drone  
  85  5:28  Extractor  
  86  5:29  Roach Warren  
  86  5:32  Overlord  
  85  5:36  Overseer  
  85  5:37  Drone x5  
  85  5:40  Overlord  
  85  5:42  Drone x2  
  89  5:52  Drone x3  
  89  5:56  Drone x3  
  89  5:59  Extractor  
  86  6:04  Drone x3  
  86  6:09  Drone x4, Queen x2  
  95  6:11  Extractor  
  95  6:12  Extractor, Glial Reconstitution  
  95  6:14  Evolution Chamber  
  95  6:15  Overlord, Evolution Chamber  
  91  6:23  Drone x4  
  95  6:26  Infestation Pit  
  95  6:28  Extractor, Baneling Nest  
  95  6:29  Hatchery  
  91  6:34  Roach x4  
  91  6:38  Roach x3  
  105  6:43  Zerg Melee Weapons Level 1  
  105  6:44  Overlord x2  
  105  6:46  Drone x3  
  107  6:54  Drone x3  
  107  6:55  Zerg Ground Armor Level 1  
  110  7:03  Roach x6  
  122  7:09  Roach  
  122  7:10  Roach x2  
  122  7:11  Ravager  
  128  7:15  Extractor  
  128  7:16  Extractor, Ravager  
  128  7:17  Overlord  
  128  7:18  Drone x8  
  135  7:25  Ravager  
  135  7:26  Roach x3  
  142  7:31  Overlord  
  142  7:33  Drone x2  
  142  7:35  Hive  
  144  7:38  Drone x7  
  151  7:44  Overlord  
  151  7:45  Drone  
  151  7:48  Drone x3  
  151  7:50  Centrifugal Hooks  
  151  7:51  Spore Crawler  
  154  7:55  Zergling x10  
  159  8:01  Zergling x2, Baneling x11  
  159  8:02  Zergling x12  
  162  8:06  Zergling x2  
  162  8:07  Zergling x8  
  162  8:11  Ravager  
  161  8:17  Zergling x10  
  161  8:18  Zergling x14  
  167  8:20  Zergling x2  
  162  8:28  Zergling x10  
  167  8:34  Baneling  
  167  8:35  Baneling x12, Ravager  
  167  8:37  Zergling x6  
  171  8:41  Zerg Melee Weapons Level 2  
  171  8:43  Zergling x4  
  173  8:51  Adrenal Glands, Zerg Ground Armor Level 2  
  171  9:00  Zergling x18  
  171  9:05  Zergling x10  
  153  9:13  Zergling x18  
  142  9:24  Roach x2  
  142  9:25  Roach x15  
  142  9:30  Zergling x4  
  173  9:31  Baneling x7  
  173  9:34  Overlord x3  
  173  9:37  Ultralisk Cavern  
  172  9:41  Ravager  
  172  9:44  Baneling x12  
  173  9:56  Drone x4  
  173  9:57  Drone x5  
  182  10:02  Zergling x20  
  182  10:06  Viper  
  192  10:11  Hatchery  
  192  10:13  Spore Crawler  
  193  10:15  Spore Crawler  
  184  10:23  Zergling x38  
  184  10:26  Burrow  
  196  10:30  Zergling x6  
  196  10:32  Chitinous Plating  
  197  10:43  Overseer x2  
  197  10:45  Hatchery  
  197  10:46  Baneling x21  
  193  11:01  Zergling x20  
  197  11:04  Zerg Melee Weapons Level 3  
  183  11:27  Zergling x16  
  183  11:28  Zergling x14  
  183  11:32  Zergling x10  
  200  11:37  Pneumatized Carapace  
  176  11:48  Ultralisk x4  
  176  11:51  Baneling, Anabolic Synthesis  
  176  11:52  Baneling x6  
  176  11:53  Zergling x16  
  199  12:00  Zergling x20  
  189  12:11  Zergling x20  
  193  12:26  Zergling x18  
  193  12:27  Zergling x10  
  193  12:35  Zergling x8  
  180  12:43  Ravager x4  
  176  12:46  Zergling x32  
  192  12:57  Zergling x10  
  178  12:59  Baneling x19  
  178  13:02  Zergling x8  
  178  13:04  Baneling x8  
  182  13:12  Infestor x2, Hatchery  
  185  13:13  Ravager x5  
  185  13:14  Baneling x6  
  185  13:17  Spore Crawler  
  185  13:19  Spore Crawler  
  188  13:20  Drone x12  
  188  13:24  Extractor x2  
  197  13:27  Spore Crawler  
  197  13:29  Overlord  
  197  13:32  Zergling x8  
  200  13:38  Baneling x13  
Tags
 
Add a new tag
Caveats
  • Supply blocks, unpowered buildings, or Contaminate may cause inaccurate times.
  • Supply counts are checked every 10 seconds.